 Dungeon Crawl Stone Soup version 0.23.1 (webtiles) character file.

Game seed: 15999232026626181781

221 nganga the Stinger (level 5, 0/43 HPs)
             Began as a Naga Venom Mage on Mar 12, 2019.
             Was a Follower of Nemelex Xobeh.
             Slain by Sigmund
             ... wielding a +0 scythe
              (8 damage)
             ... on level 3 of the Dungeon.
             The game lasted 00:38:53 (3511 turns).

nganga the Stinger (Naga Venom Mage)                Turns: 3511, Time: 00:38:53

Health: 0/43       AC:  2    Str: 11    XL:     5   Next: 98%
Magic:  0/9        EV: 10    Int: 16    God:    Nemelex Xobeh [*.....]
Gold:   139        SH:  0    Dex: 11    Spells: 5/10 levels left

rFire    . . .     SeeInvis +   b - +0 hand axe
rCold    . . .     Gourm    .   (no shield)
rNeg     + . .     Faith    .   B - +0 robe {rN+}
rPois    +         Spirit   .   (no helmet)
rElec    .         Reflect  .   (no cloak)
rCorr    .         Harm     .   (no gloves)
MR       .....                  (no barding)
Stlth    ++........             (no amulet)
HPRegen  0.14/turn              (no ring)
MPRegen  0.11/turn              (no ring)

@: flying, very slow
A: large, see invisible, deformed body, poison resistance, slowness 2, slow
metabolism 1, spit poison 1, AC +1
a: Spit Poison, Draw Escape, Draw Destruction, Draw Summoning, Renounce Religion


You were on level 3 of the Dungeon.
You worshipped Nemelex Xobeh.
Nemelex Xobeh was aware of your devotion.
You were hungry.

You visited 1 branch of the dungeon, and saw 3 of its levels.

You collected 139 gold pieces.

Inventory:

Hand Weapons
 b - a +0 hand axe (weapon)
 n - a +0 hunting sling
 r - a +0 falchion
 z - a +0 halberd
 A - a +1 vampiric dagger
Missiles
 d - 173 stones (quivered)
 i - 21 bolts
 j - 41 arrows
 p - 20 sling bullets
Armour
 s - a +0 scale mail
 B - a +0 robe of positive energy (worn)
 F - a +0 leather armour
Wands
 x - a wand of polymorph (5)
Scrolls
 h - 2 scrolls of immolation
 m - a scroll of amnesia
 t - a scroll of identify
 v - a scroll of random uselessness
 y - a scroll of noise {unknown}
 D - a scroll of fear {unknown}
Potions
 f - a potion of berserk rage {unknown}
 o - a potion of agility
 w - a potion of ambrosia {unknown}
 E - a potion of haste
Comestibles
 c - 7 rations


   Skills:
 + Level 0.3 Fighting
 + Level 1.3 Axes
 + Level 0.2 Throwing
 + Level 2.0 Dodging
 + Level 3.6 Stealth
 + Level 3.0 Spellcasting
 + Level 3.0 Conjurations
 + Level 5.4 Poison Magic


You had 5 spell levels left.
You knew the following spells:

 Your Spells              Type           Power        Failure   Level  Hunger
a - Sting                 Conj/Pois      ###.         3%          1    #......
b - Olgreb's Toxic Radia  Pois           ###.....     21%         4    #####..

Your spell library contained the following spells:

 Spells                   Type           Power        Failure   Level  Hunger
 Poisonous Vapours        Pois/Air       ##....       10%         2    ##.....
 Mephitic Cloud           Conj/Pois/Air  ##......     17%         3    ###....
 Venom Bolt               Conj/Pois      ###.......   65%         5    ######.


Dungeon Overview and Level Annotations

Branches:
Dungeon (3/15)

Altars:
Makhleb
Nemelex Xobeh
Xom
Zin

Annotations:
D:3 Sigmund


Innate Abilities, Weirdness & Mutations

You cannot wear boots.
Your serpentine skin is tough. (AC +1)
You have supernaturally acute eyesight. (SInv)
Armour fits poorly on your strangely shaped body.
Your system is resistant to poisons. (rPois)
You cover ground very slowly.
You have a slow metabolism.
You can spit poison.


Message History

* * * LOW HITPOINT WARNING * * *
Sigmund is nearby!
You feel much better. Sigmund hits you with a +0 scythe!
* * * LOW HITPOINT WARNING * * *
Sigmund barely misses you.
Casting: Sting (safe; 3% risk of failure)
Confirm with . or Enter, or press ? or * to list all spells.
You don't have enough magic to cast that spell.
As you read the scroll labeled FOJI PADUOK, it crumbles to dust.
It is a scroll of identify.
v - a scroll of random uselessness
Casting: Sting (safe; 3% risk of failure)
Confirm with . or Enter, or press ? or * to list all spells.
You don't have enough magic to cast that spell.
It was a potion of flight.
You feel very buoyant.
You fly up into the air.
Sigmund hits you from afar with a +0 scythe!
You die...
Your body glows slightly and disappears.

.....####..#####...#
............._....##
##....####.......##
#....###...#.##
#.##...###...#
####.# #..##..##
.<.#.#####.##..#
...........#..@####
#..........#)#.†@.#
###.#.....>..#.##.#
#<#####......# .#
#...........###.#
#######.##.......
#..........##.#.
...####.....# ..# .
####..# .. ##
##.#######


You could see Sigmund (invisible).

Vanquished Creatures
  An orc priest (D:3)
  Jessica (D:3)
  Natasha (D:3)
  4 adders
  2 oozes (D:2)
  2 worms (D:2)
  4 dart slugs
  7 leopard geckos
  6 orcs
  10 bats
  5 giant cockroaches
  6 goblins
  5 hobgoblins (D:2)
  2 quokkas
  A frilled lizard (D:3)
  5 kobolds
  10 rats
72 creatures vanquished.

Notes
Turn   | Place    | Note
-------+----------+-------------------------------------------
     0 | D:1      | nganga the Naga Venom Mage began the quest for the Orb.
     0 | D:1      | Reached XP level 1. HP: 15/15 MP: 3/3
     9 | D:1      | Noticed an electric eel
   350 | D:1      | Reached XP level 2. HP: 18/22 MP: 0/5
   727 | D:1      | Reached XP level 3. HP: 28/28 MP: 2/6
  1229 | D:2      | Reached XP level 4. HP: 11/36 MP: 0/7
  1744 | D:2      | Found a faded altar of an unknown god.
  1755 | D:2      | Became a worshipper of Nemelex Xobeh the Trickster
  1755 | D:2      | Received a gift from Nemelex Xobeh
  1755 | D:2      | Received a gift from Nemelex Xobeh
  1755 | D:2      | Reached * piety under Nemelex Xobeh
  2480 | D:3      | Reached skill level 5 in Poison Magic
  2513 | D:3      | Noticed Jessica
  2524 | D:3      | Killed Jessica
  2541 | D:3      | Received a gift from Nemelex Xobeh
  2548 | D:3      | Reached XP level 5. HP: 39/42 MP: 4/8
  2615 | D:3      | Reached skill level 1 in Axes
  2617 | D:3      | Noticed an angel
  2618 | D:3      | Found a shimmering altar of Xom.
  2618 | D:3      | Found a glowing silver altar of Zin.
  3099 | D:3      | Noticed Natasha
  3178 | D:3      | Learned a level 4 spell: Olgreb's Toxic Radiance
  3183 | D:3      | Killed Natasha
  3369 | D:3      | Found a burning altar of Makhleb.
  3477 | D:3      | Noticed Sigmund
  3511 | D:3      | Slain by Sigmund

Skill      XL: |  1  2  3  4  5 |
---------------+----------------+-----
Conjurations   | 2 3 |  3.0
Poison Magic   | 5 |  5.4
Axes           | 1 |  1.3
Dodging        | 2 |  2.0
Spellcasting   | 3 |  3.0
Fighting       | |  0.3
Throwing       | |  0.2
Stealth        | |  3.6

Action                   |  1- 3 |  4- 6 || total
-------------------------+-------+-------++-------
Melee: Hand axe          |    29 |    39 ||    68
Throw: Stone             |     4 |     2 ||     6
 Cast: Sting             |    50 |   108 ||   158
  Use: Scroll            |     3 |     2 ||     5
       Potion            |     1 |     4 ||     5
 Stab: Sleeping          |     1 |       ||     1
  Eat: Chunk             |     1 |     6 ||     7
Armor: Robe              |    10 |    18 ||    28
       Skin              |       |     1 ||     1
Dodge: Dodged            |    28 |    33 ||    61
